 Dungeon Crawl Stone Soup version 0.18.1-50-g88ac8fd (webtiles) character file.

42 thewizardguy the Magician (level 3, 0/24 HPs)
             Began as a Demonspawn Wizard on Oct 2, 2016.
             Killed from afar by Sigmund (5 damage)
             ... with a magic dart
             ... on level 2 of the Dungeon.
             The game lasted 00:13:27 (1170 turns).

thewizardguy the Magician (Demonspawn Wizard)       Turns: 1170, Time: 00:13:28

Health: 0/24       AC:  2    Str:  7    XL:     3   Next: 35%
Magic:  8/8        EV: 12    Int: 20    God:
Gold:   8          SH:  0    Dex: 11    Spells: 1 memorised, 8 levels left

rFire  . . .     SeeInvis .     j - +0 short sword
rCold  . . .     Gourm    .     a - +0 robe
rNeg   + . .     Faith    .     (no shield)
rPois  .         Spirit   .     b - +0 hat
rElec  .         Dismiss  .     (no cloak)
rCorr  .         Reflect  .     (no gloves)
SustAt .         Harm     .     (no boots)
MR     .....                    (no amulet)
Stlth  ++........               (no ring)
                                i - ring of positive energy

@: not resistant to hostile enchantments, unstealthy
A: horns 2
a: no special abilities


You were on level 2 of the Dungeon.
You were full.

You visited 1 branch of the dungeon, and saw 2 of its levels.

You collected 8 gold pieces.

Inventory:

Hand Weapons
 e - a +0 hand axe
 f - a +1 club
 j - a +0 short sword (weapon)
Armour
 a - a +0 robe (worn)
 b - a +0 hat (worn)
Jewellery
 i - a ring of positive energy (left hand)
Scrolls
 h - 2 scrolls of remove curse
 l - a scroll of enchant armour {unknown}
Books
 c - a book of Minor Magic

   Spells                             Type                      Level
   a - Magic Dart                     Conjuration                  1
   b - Blink                          Translocation                2
   c - Call Imp                       Summoning                    2
   d - Repel Missiles                 Charms/Air                   2
   e - Slow                           Hexes                        2
   f - Conjure Flame                  Conjuration/Fire             3
   g - Mephitic Cloud                 Conjuration/Poison/Air       3
Comestibles
 d - a bread ration
 g - a meat ration


   Skills:
 + Level 0.2 Fighting
 + Level 2.8 Dodging
 + Level 1.7 Stealth
 + Level 3.5 Spellcasting
 + Level 1.1 Conjurations
   Level 1.0 Summonings
   Level 0.8 Translocations


You had 8 spell levels left.
You knew the following spells:

 Your Spells              Type           Power        Failure   Level  Hunger
a - Magic Dart            Conj           #...         12%         1    None


Dungeon Overview and Level Annotations

Branches:
Dungeon (2/15)

Altars:

Annotations:
D:2 Sigmund


Innate Abilities, Weirdness & Mutations

You have a pair of horns on your head.


Message History

Read which item? (? for menu, Esc to quit)
As you read the scroll labeled TAETSYONGA, it crumbles to dust.
It is a scroll of identify.
Identify which item? (\ to view known items) (? for menu, Esc to quit)
h - 2 scrolls of remove curse
Found 3 gold pieces.
A hobgoblin comes into view.
The goblin shouts!
The hobgoblin shouts!
Sigmund gestures wildly while chanting.
Sigmund flickers and vanishes!
Deactivating autopickup; reactivate with Ctrl-A.
You see here 3 gold pieces.
You now have 8 gold pieces (gained 3).
A puff of flame appears from out of thin air!
The puff of flame misses you.
The puff of flame hits the hobgoblin.
The hobgoblin dies!
A magic dart appears from out of thin air!
The magic dart hits you!
You die...

######### ## #.......# .
##.#####.#### #####.#
............###...#.### #.#
.#.##....>....[........####.#
....<.....g.........##....#.#
?#..#.##.##.#...............#
.#.......##.#...@...#.......#####
.......####.###...#.#..........<.
.#####.###.#. #...#.........####.
. #.#..###.##.## #...........
.#####(....#..##.######.....####.
......#.#)..# .............# ##
.#####....#.# #............#
............# #####.######.#
######.#g#### #.# #.#


You could see a goblin.

Vanquished Creatures
  An adder (D:2)
  A dart slug (D:2)
  A giant cockroach (D:1)
  4 goblins (D:1)
  6 hobgoblins (D:1)
  4 jackals (D:1)
  2 bats (D:1)
  3 giant newts
  3 kobolds (D:1)
  4 rats (D:1)
29 creatures vanquished.

Vanquished Creatures (others)
  A hobgoblin (D:2)
1 creature vanquished.

Grand Total: 30 creatures vanquished

Notes
Turn   | Place    | Note
--------------------------------------------------------------
     0 | D:1      | thewizardguy the Demonspawn Wizard began the quest for the Orb.
     0 | D:1      | Reached XP level 1. HP: 13/13 MP: 4/4
   359 | D:1      | Gained mutation: You have a pair of small horns on your head. [demonic ancestry]
   359 | D:1      | Reached XP level 2. HP: 15/19 MP: 0/6
   872 | D:1      | Gained mutation: You have a pair of horns on your head. [demonic ancestry]
   872 | D:1      | Reached XP level 3. HP: 19/24 MP: 1/8
  1137 | D:2      | Noticed Sigmund
  1170 | D:2      | Killed from afar by Sigmund

Skill      XL: |  1  2 |
---------------+-------+-----
Dodging        | 2 |  2.8
Fighting       | |  0.2
Stealth        | |  1.7
Spellcasting   | |  3.5
Conjurations   | |  1.1
Summonings     | |  1.0
Translocations | |  0.8

Action                   || total
-------------------------++-------
Melee: Unarmed           ||    17
       Club              ||    14
       Hand axe          ||    27
       Headbutt          ||     4
       Short sword       ||     9
 Cast: Magic Dart        ||    66
  Use: Scroll            ||     4
       Potion            ||     2
  Eat: Meat ration       ||     1
Armor: Robe              ||    30
Dodge: Dodged            ||    77
